TOP OF THE 1ST |
Dayton Dragons batting - Pitching for Atlanta (MID) Braves : RHP Dave Espinoza
|
Pitching: RHP Dave Espinoza
|
|
Batting: RHB Felipe Pineda
|
0-0: Ground out U3 (Groundball, 3, EV 93.1 MPH)
|
Batting: RHB Pedro Pinero
|
0-0: Swinging Strike 0-1: Swinging Strike 0-2: Ball 1-2: Strikes out looking
|
Batting: RHB Mark Williams
|
0-0: Ball 1-0: Foul Ball, location: 2F 1-1: Ground out 6-3 (Groundball, 6D, EV 108.1 MPH)
|
Top of the 1st over - 0 runs, 0 hits, 0 errors, 0 left on base; Dayton 0 - Atlanta (MID) 0 |
BOTTOM OF THE 1ST |
Atlanta (MID) Braves batting - Pitching for Dayton Dragons : LHP Josue Silva
|
Pitching: LHP Josue Silva
|
|
Batting: RHB Zheng-ze King
|
0-0: Ball 1-0: Foul Ball, location: 2F 1-1: Foul Ball, location: 2F 1-2: Ground out 4-3 (Groundball, 4M, EV 78.8 MPH)
|
Batting: RHB Yojiro Hayashi
|
0-0: Ball 1-0: Fly out, F8 (Flyball, 78S, EV 84.4 MPH)
|
Batting: SHB Jose Melendez
|
0-0: Called Strike 0-1: Called Strike 0-2: Ball 1-2: Ball 2-2: Ground out 6-3 (Groundball, 6, EV 81.9 MPH)
|
Bottom of the 1st over - 0 runs, 0 hits, 0 errors, 0 left on base; Dayton 0 - Atlanta (MID) 0 |
TOP OF THE 2ND |
Dayton Dragons batting - Pitching for Atlanta (MID) Braves : RHP Dave Espinoza
|
Batting: LHB Chris Redhead
|
0-0: Ball 1-0: Foul Ball, location: 2F 1-1: Swinging Strike 1-2: Ball 2-2: Ground out 1-3 (Groundball, P, EV 70.6 MPH)
|
Batting: RHB Joe Kooyers
|
0-0: Called Strike 0-1: Ball 1-1: Ground out 1-3 (Groundball, 15S, EV 68.1 MPH)
|
Batting: LHB Brian Snyder
|
0-0: Ball 1-0: Foul Ball, location: 2F 1-1: Foul Ball, location: 2F 1-2: Ground out 4-3 (Groundball, 34, EV 87.5 MPH)
|
Top of the 2nd over - 0 runs, 0 hits, 0 errors, 0 left on base; Dayton 0 - Atlanta (MID) 0 |
BOTTOM OF THE 2ND |
Atlanta (MID) Braves batting - Pitching for Dayton Dragons : LHP Josue Silva
|
Batting: RHB Nick Holsinger
|
0-0: Called Strike 0-1: Ball 1-1: Ball 2-1: Ball 3-1: Base on Balls
|
Batting: RHB Gerard Michel
|
0-0: Ball 1-0: Ball 2-0: Fly out, F8 (Flyball, 8RD, EV 99.4 MPH)
|
Batting: LHB Joe Phillips
|
0-0: Foul Ball, location: 2F 0-1: Swinging Strike Nick Holsinger steals 2nd base 0-2: Ground out U3 (Groundball, 34, EV 101.9 MPH) Nick Holsinger to third
|
Batting: RHB David Zelaya
|
0-0: Ball 1-0: Ball 2-0: Foul Ball, location: 2F 2-1: Fly out, F9 (Line Drive, 89M, EV 96.9 MPH)
|
Bottom of the 2nd over - 0 runs, 0 hits, 0 errors, 1 left on base; Dayton 0 - Atlanta (MID) 0 |
TOP OF THE 3RD |
Dayton Dragons batting - Pitching for Atlanta (MID) Braves : RHP Dave Espinoza
|
Batting: LHB Armando Arellano
|
0-0: DOUBLE (Groundball, 3L, EV 98.1 MPH)
|
Batting: RHB Rongo Olopoto
|
0-0: Ball 1-0: Foul Ball, location: 2F 1-1: Swinging Strike 1-2: Foul Ball, location: 2F 1-2: Ball 2-2: Ground out 6-3 (Groundball, 6, EV 82.5 MPH)
|
Batting: RHB Jung-keun Bai
|
0-0: Ball 1-0: Swinging Strike 1-1: Swinging Strike 1-2: Ball 2-2: Foul Ball, location: 2F 2-2: Ground out 4-3 (Groundball, 4, EV 90.0 MPH) Armando Arellano to third
|
Batting: RHB Felipe Pineda
|
0-0: Ball 1-0: Ball 2-0: Ground out 5-3 (Groundball, 56S, EV 69.4 MPH)
|
Top of the 3rd over - 0 runs, 1 hit, 0 errors, 1 left on base; Dayton 0 - Atlanta (MID) 0 |
BOTTOM OF THE 3RD |
Atlanta (MID) Braves batting - Pitching for Dayton Dragons : LHP Josue Silva
|
Batting: RHB Miguel Vazquez
|
0-0: Ball 1-0: Called Strike 1-1: Ball 2-1: Fly out, F7 (Flyball, 7LSF, EV 78.1 MPH)
|
Batting: LHB Malik Boulay
|
0-0: Fly out, F9 (Flyball, 9LM, EV 92.5 MPH)
|
Batting: RHB Zheng-ze King
|
0-0: Ball 1-0: Foul Ball, location: 2F 1-1: Ball 2-1: Called Strike 2-2: Foul Ball, location: 2F 2-2: Fly out, F8 (Flyball, 8RM, EV 90.0 MPH)
|
Bottom of the 3rd over - 0 runs, 0 hits, 0 errors, 0 left on base; Dayton 0 - Atlanta (MID) 0 |
TOP OF THE 4TH |
Dayton Dragons batting - Pitching for Atlanta (MID) Braves : RHP Dave Espinoza
|
Batting: RHB Pedro Pinero
|
0-0: Called Strike 0-1: Ball 1-1: Swinging Strike 1-2: Strikes out looking
|
Batting: RHB Mark Williams
|
0-0: DOUBLE (Line Drive, 89M, EV 97.5 MPH)
|
Batting: LHB Chris Redhead
|
0-0: Ball 1-0: Ball 2-0: Foul Ball, location: 2F 2-1: Foul Ball, location: 2F 2-2: Ball 3-2: Base on Balls
|
Batting: RHB Joe Kooyers
|
0-0: Ball 1-0: Ball 2-0: Fly out, F9 (Flyball, 9D, EV 98.8 MPH) Runner from 2nd tags up, SAFE at 3rd, no throw by RF
|
Batting: LHB Brian Snyder
|
0-0: Ball 1-0: Ball 2-0: Swinging Strike 2-1: Called Strike 2-2: Foul Ball, location: 2F 2-2: Ball 3-2: DOUBLE (Flyball, 8LXD, EV 86.9 MPH) Mark Williams scores Chris Redhead to third Chris Redhead scores
|
Batting: LHB Armando Arellano
|
0-0: SINGLE (Groundball, 56D, EV 94.4 MPH) Brian Snyder to third
|
Batting: RHB Rongo Olopoto
|
0-0: Ball 1-0: Foul Ball, location: 2F 1-1: Called Strike 1-2: Ground out 4-3 (Groundball, 34, EV 86.2 MPH)
|
Top of the 4th over - 2 runs, 3 hits, 0 errors, 2 left on base; Dayton 2 - Atlanta (MID) 0 |
BOTTOM OF THE 4TH |
Atlanta (MID) Braves batting - Pitching for Dayton Dragons : LHP Josue Silva
|
Batting: RHB Yojiro Hayashi
|
0-0: Called Strike 0-1: Called Strike 0-2: Ball 1-2: Ball 2-2: Strikes out looking
|
Batting: SHB Jose Melendez
|
0-0: Foul Ball, location: 2F 0-1: Ball 1-1: SINGLE (Line Drive, 89S, EV 86.2 MPH)
|
Batting: RHB Nick Holsinger
|
0-0: Ball Jose Melendez steals 2nd, throwing error, E2 Jose Melendez to third 1-0: Ball 2-0: Ball 3-0: Called Strike 3-1: Called Strike 3-2: Foul Ball, location: 2F 3-2: Foul Ball, location: 2F 3-2: Base on Balls
|
Batting: RHB Gerard Michel
|
0-0: Ball 1-0: Called Strike Nick Holsinger is caught stealing 2nd base 2-4 1-1: Swinging Strike 1-2: Ball 2-2: SINGLE (Line Drive, 8LS, EV 107.5 MPH) Jose Melendez scores
|
Batting: LHB Joe Phillips
|
0-0: Ball 1-0: Foul Ball, location: 2F 1-1: SINGLE (Groundball, 56D, EV 101.2 MPH) Gerard Michel to second
|
Batting: RHB David Zelaya
|
0-0: SINGLE (Groundball, 6MD, EV 103.8 MPH) Gerard Michel to third Joe Phillips to second Runner from 3rd tries for Home, SAFE, throw by CF to home Joe Phillips to third David Zelaya to second
|
Batting: RHB Miguel Vazquez
|
0-0: Ball 1-0: SINGLE (Groundball, 4MD, EV 105.6 MPH) Joe Phillips scores David Zelaya to third
|
Batting: LHB Malik Boulay
|
0-0: Ball 1-0: Swinging Strike 1-1: Ball 2-1: Foul Ball, location: 2F 2-2: Fielders Choice at 2nd, 6-4 (Groundball, 6, EV 76.9 MPH)
|
Bottom of the 4th over - 3 runs, 5 hits, 1 error, 2 left on base; Dayton 2 - Atlanta (MID) 3 |
TOP OF THE 5TH |
Dayton Dragons batting - Pitching for Atlanta (MID) Braves : RHP Dave Espinoza
|
Batting: RHB Jung-keun Bai
|
0-0: Ground out 4-3 (Groundball, 4, EV 104.4 MPH)
|
Batting: RHB Felipe Pineda
|
0-0: Called Strike 0-1: Ball 1-1: Ball 2-1: Ground out 6-3 (Groundball, 6D, EV 98.8 MPH)
|
Batting: RHB Pedro Pinero
|
0-0: Ground out 6-3 (Groundball, 6, EV 85.0 MPH)
|
Top of the 5th over - 0 runs, 0 hits, 0 errors, 0 left on base; Dayton 2 - Atlanta (MID) 3 |
BOTTOM OF THE 5TH |
Atlanta (MID) Braves batting - Pitching for Dayton Dragons : LHP Josue Silva
|
Batting: RHB Zheng-ze King
|
0-0: Called Strike 0-1: Foul Ball, location: 2F 0-2: Strikes out swinging
|
Batting: RHB Yojiro Hayashi
|
0-0: Ball 1-0: Ball 2-0: Ball 3-0: Called Strike 3-1: Base on Balls
|
Pitching: LHP Haunani Moritiica
|
|
Batting: SHB Jose Melendez
|
0-0: Ball 1-0: Called Strike 1-1: Fielders Choice at 2nd, 6-4 (Groundball, 6, EV 106.2 MPH)
|
Batting: RHB Nick Holsinger
|
0-0: Called Strike 0-1: Ball 1-1: Swinging Strike 1-2: Ball 2-2: Strikes out swinging
|
Bottom of the 5th over - 0 runs, 0 hits, 0 errors, 1 left on base; Dayton 2 - Atlanta (MID) 3 |
TOP OF THE 6TH |
Dayton Dragons batting - Pitching for Atlanta (MID) Braves : RHP Dave Espinoza
|
Batting: RHB Mark Williams
|
0-0: Foul Ball, location: 2F 0-1: Ball 1-1: Ball 2-1: Foul Ball, location: 2F 2-2: SINGLE (Groundball, 4D, EV 104.4 MPH)
|
Batting: LHB Chris Redhead
|
0-0: Ball 1-0: Called Strike 1-1: Ball 2-1: Called Strike 2-2: Ball 3-2: Strikes out looking
|
Batting: RHB Joe Kooyers
|
0-0: Called Strike 0-1: Ball 1-1: Ball 2-1: Ball Wild Pitch! Mark Williams to second 3-1: Swinging Strike 3-2: Base on Balls
|
Batting: LHB Brian Snyder
|
0-0: Ball 1-0: Ball Passed Ball! Mark Williams to third Joe Kooyers to second 2-0: Ball 3-0: Called Strike 3-1: Called Strike 3-2: Fly out, F7 (Flyball, 7LM, EV 102.5 MPH) Runner from 3rd tags up, SCORES, throw by LF
|
Batting: LHB Armando Arellano
|
0-0: Swinging Strike 0-1: Called Strike 0-2: Ball 1-2: Foul Ball, location: 2F 1-2: SINGLE (Groundball, 4, EV 96.2 MPH) Joe Kooyers to third Runner from 3rd tries for Home, SAFE, throw by CF to home
|
Batting: RHB Rongo Olopoto
|
0-0: Called Strike 0-1: Called Strike 0-2: Foul Ball, location: 2F 0-2: Ball 1-2: Foul Ball, location: 2F 1-2: DOUBLE (Flyball, 8RXD, EV 108.1 MPH) Armando Arellano to third
|
Batting: RHB Jung-keun Bai
|
0-0: Ball 1-0: Called Strike 1-1: Ball 2-1: Foul Ball, location: 2F 2-2: Foul Ball, location: 2F 2-2: Ball 3-2: Strikes out swinging
|
Top of the 6th over - 2 runs, 3 hits, 0 errors, 2 left on base; Dayton 4 - Atlanta (MID) 3 |
BOTTOM OF THE 6TH |
Atlanta (MID) Braves batting - Pitching for Dayton Dragons : LHP Haunani Moritiica
|
Batting: RHB Gerard Michel
|
0-0: Called Strike 0-1: Called Strike 0-2: Ground out 6-3 (Groundball, 6, EV 90.6 MPH)
|
Batting: LHB Joe Phillips
|
0-0: Called Strike 0-1: Ball 1-1: Swinging Strike 1-2: Strikes out looking
|
Batting: RHB David Zelaya
|
0-0: Called Strike 0-1: Foul Ball, location: 2F 0-2: Ball 1-2: SINGLE (Groundball, 56S, EV 71.2 MPH) (infield hit)
|
Batting: RHB Miguel Vazquez
|
0-0: Called Strike 0-1: Ball 1-1: Fielders Choice at 2nd, 5-4 (Groundball, 56, EV 84.4 MPH)
|
Bottom of the 6th over - 0 runs, 1 hit, 0 errors, 1 left on base; Dayton 4 - Atlanta (MID) 3 |
TOP OF THE 7TH |
Dayton Dragons batting - Pitching for Atlanta (MID) Braves : RHP Dave Espinoza
|
Pitching: RHP Carlos Esquivel
|
|
Batting: RHB Felipe Pineda
|
0-0: Called Strike 0-1: Ball 1-1: Called Strike 1-2: Strikes out swinging
|
Batting: RHB Pedro Pinero
|
0-0: Called Strike 0-1: Fly out, F8 (Flyball, 89M, EV 75.6 MPH)
|
Batting: RHB Mark Williams
|
0-0: Ball 1-0: Swinging Strike 1-1: Ball 2-1: Swinging Strike 2-2: Strikes out looking
|
Top of the 7th over - 0 runs, 0 hits, 0 errors, 0 left on base; Dayton 4 - Atlanta (MID) 3 |
BOTTOM OF THE 7TH |
Atlanta (MID) Braves batting - Pitching for Dayton Dragons : LHP Haunani Moritiica
|
Now at 2B: Phil Lomax
|
|
Batting: LHB Malik Boulay
|
0-0: Ball 1-0: Foul Ball, location: 2F 1-1: Ball 2-1: DOUBLE (Flyball, 8LXD, EV 89.4 MPH)
|
Batting: RHB Zheng-ze King
|
0-0: Ball 1-0: Called Strike 1-1: Foul Ball, location: 2F 1-2: Foul Ball, location: 2F 1-2: Ball 2-2: Ball 3-2: Foul Ball, location: 2F 3-2: Base on Balls
|
Batting: RHB Yojiro Hayashi
|
0-0: Ball Wild Pitch! Malik Boulay to third Zheng-ze King to second 1-0: Ball 2-0: Called Strike 2-1: Swinging Strike 2-2: Strikes out swinging
|
Batting: SHB Jose Melendez
|
0-0: SINGLE (Groundball, 34D, EV 95.0 MPH) Malik Boulay scores Zheng-ze King to third Runner from 3rd tries for Home, throw by RF and OUT! 9-2 Jose Melendez to second
|
Pitching: RHP Kyle Vance
|
|
Batting: RHB Nick Holsinger
|
0-0: Ball 1-0: Foul Ball, location: 2F 1-1: Ball 2-1: Called Strike 2-2: Strikes out swinging
|
Bottom of the 7th over - 1 run, 2 hits, 0 errors, 1 left on base; Dayton 4 - Atlanta (MID) 4 |
TOP OF THE 8TH |
Dayton Dragons batting - Pitching for Atlanta (MID) Braves : RHP Carlos Esquivel
|
Batting: LHB Chris Redhead
|
0-0: Ball 1-0: Called Strike 1-1: Called Strike 1-2: Ball 2-2: Foul Ball, location: 2F 2-2: Ball 3-2: Strikes out looking
|
Batting: RHB Joe Kooyers
|
0-0: Called Strike 0-1: Ball 1-1: Ball 2-1: Called Strike 2-2: Ground out 5-3 (Groundball, 56S, EV 90.6 MPH)
|
Batting: LHB Brian Snyder
|
0-0: Ball 1-0: Ball 2-0: Called Strike 2-1: Ground out U3 (Groundball, 34S, EV 63.1 MPH)
|
Top of the 8th over - 0 runs, 0 hits, 0 errors, 0 left on base; Dayton 4 - Atlanta (MID) 4 |
BOTTOM OF THE 8TH |
Atlanta (MID) Braves batting - Pitching for Dayton Dragons : RHP Kyle Vance
|
Batting: RHB Gerard Michel
|
0-0: Ball 1-0: DOUBLE (Line Drive, 78XD, EV 100.0 MPH)
|
Batting: LHB Joe Phillips
|
0-0: Intentional Walk
|
Batting: RHB David Zelaya
|
0-0: Ball 1-0: Sac Bunt to 13S - play at first, batter OUT! 1-4 Gerard Michel to third Joe Phillips to second
|
Batting: RHB Miguel Vazquez
|
0-0: DOUBLE (Groundball, 5D, EV 100.0 MPH) Gerard Michel scores Joe Phillips scores
|
Batting: LHB Malik Boulay
|
0-0: Ball 1-0: Called Strike 1-1: Ball 2-1: Foul Ball, location: 2F 2-2: Ball 3-2: Base on Balls
|
Batting: RHB Zheng-ze King
|
0-0: Ball 1-0: Swinging Strike 1-1: Called Strike 1-2: Strikes out swinging
|
Batting: RHB Yojiro Hayashi
|
0-0: Swinging Strike 0-1: Ball 1-1: Ball 2-1: Foul Ball, location: 2F 2-2: Ground out 5-3 (Groundball, 5S, EV 91.2 MPH)
|
Bottom of the 8th over - 2 runs, 2 hits, 0 errors, 2 left on base; Dayton 4 - Atlanta (MID) 6 |
TOP OF THE 9TH |
Dayton Dragons batting - Pitching for Atlanta (MID) Braves : RHP Carlos Esquivel
|
Pitching: RHP Greg Hart
|
|
Now at 1B: Nick Holsinger
|
|
Now at 2B: Zheng-ze King
|
|
Now in LF: George Provance
|
|
Now in CF: Badr al Din Ridha
|
|
Batting: LHB Armando Arellano
|
0-0: SINGLE (Line Drive, 6D, EV 98.1 MPH)
|
Pinch Hitting: RHB Tony Casas
|
0-0: Called Strike 0-1: Called Strike 0-2: Strikes out swinging
|
Batting: RHB Jung-keun Bai
|
0-0: Ball 1-0: Called Strike 1-1: Ball 2-1: Foul Ball, location: 2F 2-2: Strikes out swinging
|
Batting: RHB Felipe Pineda
|
0-0: Swinging Strike 0-1: Foul Ball, location: 2F 0-2: Foul Ball, location: 2F 0-2: Strikes out looking
|
Top of the 9th over - 0 runs, 1 hit, 0 errors, 1 left on base; Dayton 4 - Atlanta (MID) 6 |
|